 Dungeon Sprint DCSS version 0.22.1-1-ga44c0e56f4 (webtiles) character file.

4228 MuseOD the Unseen (level 10, -22/58 HPs)
             Began as a Spriggan Enchanter on Oct 1, 2018.
             Was an Elder of Dithmenos.
             Killed from afar by Frances (40 damage)
             ... with a shard of ice
             ... in the Dungeon (Sprint III: "The Ten Rune Challenge").
             The game lasted 00:04:56 (1457 turns).

MuseOD the Unseen (Spriggan Enchanter)              Turns: 1457, Time: 00:04:57

Health: -22/58     AC:  2    Str:  4    XL:     10   Next: 9%
Magic:  1/26       EV: 18    Int: 19    God:    Dithmenos [****..]
Gold:   33         SH:  0    Dex: 18    Spells: 23/32 levels left

rFire    . . .     SeeInvis +   a - +1 dagger
rCold    . . .     Gourm    .   (shield restricted)
rNeg     . . .     Faith    .   b - +0 robe
rPois    .         Spirit   .   (helmet restricted)
rElec    .         Reflect  .   (no cloak)
rCorr    .         Harm     .   (gloves unavailable)
MR       +....     NoTele   +   (boots unavailable)
Stlth    +++++++++.             (no amulet)
HPRegen  0.19/turn              (no ring)
MPRegen  0.20/turn              (no ring)

@: slowed, wreathed by umbra, quick
A: very small, unfitting armour, see invisible, herbivore, speed 3, slow
metabolism 2
a: Shadow Step, Renounce Religion


You were in the Dungeon.
You worshipped Dithmenos.
Dithmenos was greatly pleased with you.
You were not hungry.

You visited 1 branch You collected 33 gold pieces.

Inventory:

Hand Weapons
 a - a +1 dagger (weapon)
Armour
 b - a +0 robe (worn)
Scrolls
 j - a scroll of blinking
 k - a scroll of holy word {unknown}
 l - a scroll of random uselessness {unknown}
 m - 3 scrolls of remove curse
 o - a scroll of torment {unknown}
 p - 2 scrolls of identify
Potions
 c - 3 potions of mutation {unknown}
 e - 2 potions of curing
 f - a potion of heal wounds
 g - a potion of haste
 h - a potion of magic
 n - a potion of degeneration {unknown}
 q - 2 potions of flight
Comestibles
 d - 5 rations


   Skills:
 + Level 9.2 Fighting
 * Level 15.9 Short Blades
 - Level 3.0 Dodging
 + Level 16.3 Stealth
 + Level 11.9 Spellcasting
 - Level 3.6 Hexes


You had 23 spell levels left.
You knew the following spells:

 Your Spells              Type           Power        Failure   Level  Hunger
a - Corona                Hex            ####...      1%          1    None
b - Ensorcelled Hibernat  Hex/Ice        ###...       4%          2    None
c - Confuse               Hex            ####....     4%          3    None
d - Dazzling Spray        Conj/Hex       ###...       9%          3    None

Your spell library contained the following spells:

 Spells                   Type           Power        Failure   Level  Hunger
 Confusing Touch          Hex            ####..       1%          1    None
 Slow                     Hex            ####....     1%          2    None
 Tukima's Dance           Hex            ####....     4%          3    None
 Magic Dart               Conj           ##..         6%          1    None
 Blink                    Tloc           N/A          10%         2    None
 Call Imp                 Summ           ##......     10%         2    None
 Conjure Flame            Conj/Fire      ##......     19%         3    None
 Gell's Gravitas          Tloc           ##........   19%         3    None
 Mephitic Cloud           Conj/Pois/Air  ##......     19%         3    None
 Petrify                  Tmut/Erth      ##......     52%         4    ##.....
 Metabolic Englaciation   Hex/Ice        ###.......   63%         5    ####...
 Yara's Violent Unravell  Hex/Tmut       ###.......   63%         5    ####...


Dungeon Overview and Level Annotations

Branches:
Dungeon (1/1)

Altars:
Dithmenos
Elyvilon
Kikubaaqudgha
Okawaru
Ru
Sif Muna
Trog
Uskayaw
Vehumet
Wu Jian
Yredelemnul
Zin
The Shining One
Beogh

Annotations:
D Frances


Innate Abilities, Weirdness & Mutations

You are very small and have problems with some larger weapons.
You are too small for most types of armour.
You have supernaturally acute eyesight. (SInv)
You are a herbivore.
You cover ground extremely quickly.
You need to consume almost no food.


Message History

Frances is severely wounded.
Frances shoots a curare-tipped needle.
The curare-tipped needle hits you.
You are more poisoned.
You have difficulty breathing.
* * * LOW HITPOINT WARNING * * *
You feel as though you will be slow longer.
Frances shoots a curare-tipped needle.
The curare-tipped needle hits you.
You are more poisoned.
You have difficulty breathing.
* * * LOW HITPOINT WARNING * * *
You feel as though you will be slow longer.
* * * LOW HITPOINT WARNING * * *
You feel very sick.
You feel better.
Frances unwields an uncursed blowgun.
Frances wields an uncursed war axe of holy wrath.
It softly glows with a divine radiance!
Frances completely misses you.
Frances screams a word of power!
The shard of ice hits you!
Ouch! That really hurt!
You die...

########### ___#___#__#
...#__)#._# ##'#'###)##
..........# .⌠.)......#
...######'# .⌠.#
#...#+#####################
...#
#...#....#@#.#)@...#......+
)###
#...##.#..#.##.###.#.(..^.#
...#
#...'##.#@#.##.#(.##......#
___#
+...#...#..#((##.)'@5..(..#
▓▓▓▓
▓▓▓▓▓▓▓▓▓▓▓▓▓▓▓▓▓▓#5....^.#
#....^..# +.......#
#3†[....# ##'######


You could see Frances.

Vanquished Creatures
  Donald (D)
  Erolcha (D)
  A deep elf mage (D)
  2 redbacks (D)
  A shadow (D)
  A necrophage (D)
  5 two-headed ogres (D)
  A water elemental (D)
  A jelly (D)
  A wizard (D)
  Jessica (D)
  A necromancer (D)
  3 humans (D)
  A kobold demonologist (D)
  2 oozes (D)
  A phantom (D)
  A rat (D)
25 creatures vanquished.

Vanquished Creatures (others)
  2 draconian scorchers (D)
  6 hellions (D)
  A yaktaur (D)
9 creatures vanquished.

Grand Total: 34 creatures vanquished

Notes
Turn   | Place    | Note
-------+----------+-------------------------------------------
     0 | D        | MuseOD the Spriggan Enchanter began the quest for the Orb.
     0 | D        | Reached XP level 1. HP: 9/9 MP: 5/5
     5 | D        | Reached skill level 1 in Fighting
     5 | D        | Reached skill level 5 in Stealth
    16 | D        | Killed a yaktaur
    21 | D        | Reached XP level 2. HP: 7/14 MP: 6/6
    25 | D        | Learned a level 2 spell: Ensorcelled Hibernation
    98 | D        | Killed a hellion
   109 | D        | Killed a hellion
   131 | D        | Killed a white draconian scorcher
   134 | D        | Killed a hellion
   172 | D        | Killed a hellion
   179 | D        | Noticed Jessica
   182 | D        | Killed Jessica
   182 | D        | Reached skill level 6 in Stealth
   182 | D        | Reached XP level 3. HP: 19/19 MP: 8/8
   192 | D        | Learned a level 3 spell: Confuse
   209 | D        | Reached skill level 5 in Short Blades
   209 | D        | Reached skill level 7 in Stealth
   236 | D        | Killed a hellion
   253 | D        | Noticed a water elemental
   256 | D        | Killed a water elemental
   256 | D        | Reached skill level 8 in Stealth
   256 | D        | Reached XP level 4. HP: 25/25 MP: 9/9
   264 | D        | Found a basalt altar of Yredelemnul.
   264 | D        | Found a shadowy altar of Dithmenos.
   264 | D        | Found a sacrificial altar of Ru.
   264 | D        | Noticed a necrophage
   270 | D        | Reached XP level 5. HP: 25/29 MP: 0/10
   284 | D        | Killed a necrophage
   284 | D        | Reached skill level 9 in Stealth
   288 | D        | Became a worshipper of Dithmenos the Shadowed
   292 | D        | Killed a hellion
   293 | D        | Learned a level 3 spell: Dazzling Spray
   305 | D        | Killed a white draconian scorcher
   401 | D        | Found a glowing silver altar of Zin.
   401 | D        | Found a glowing golden altar of the Shining One.
   401 | D        | Found a white marble altar of Elyvilon.
   401 | D        | Noticed a deep elf mage
   410 | D        | Killed a deep elf mage
   410 | D        | Reached skill level 11 in Stealth
   410 | D        | Reached XP level 6. HP: 36/36 MP: 3/17
   410 | D        | Reached XP level 7. HP: 40/40 MP: 3/18
   557 | D        | Found a hide-covered altar of Uskayaw.
   557 | D        | Found a roughly hewn altar of Beogh.
   557 | D        | Found an iron altar of Okawaru.
   557 | D        | Found a bloodstained altar of Trog.
   557 | D        | Found an ornate altar of the Wu Jian Council.
   557 | D        | Noticed a human
   557 | D        | Noticed a human
   572 | D        | Killed a human
   572 | D        | Reached skill level 12 in Stealth
   573 | D        | Killed a human
   573 | D        | Reached * piety under Dithmenos
   679 | D        | Found a radiant altar of Vehumet.
   684 | D        | Found a deep blue altar of Sif Muna.
   684 | D        | Found an ancient bone altar of Kikubaaqudgha.
   923 | D        | Noticed a shadow
   925 | D        | Killed a shadow
   925 | D        | Reached ** piety under Dithmenos
   925 | D        | Reached skill level 13 in Stealth
   925 | D        | Reached XP level 8. HP: 45/45 MP: 19/21
  1267 | D        | Reached *** piety under Dithmenos
  1317 | D        | Noticed a two-headed ogre
  1320 | D        | Killed a two-headed ogre
  1324 | D        | Noticed a two-headed ogre
  1324 | D        | Noticed Erolcha
  1326 | D        | Killed a two-headed ogre
  1326 | D        | Reached skill level 14 in Stealth
  1327 | D        | Killed Erolcha
  1327 | D        | Reached skill level 15 in Stealth
  1327 | D        | Reached skill level 10 in Spellcasting
  1327 | D        | Reached XP level 9. HP: 52/52 MP: 22/24
  1337 | D        | Reached **** piety under Dithmenos
  1385 | D        | Noticed Donald
  1386 | D        | Noticed Frances
  1392 | D        | Noticed a hellwing
  1392 | D        | Noticed a sun demon
  1401 | D        | Killed Donald
  1401 | D        | Reached skill level 15 in Short Blades
  1401 | D        | Reached skill level 16 in Stealth
  1401 | D        | Reached XP level 10. HP: 39/58 MP: 23/26
  1457 | D        | Killed from afar by Frances

Skill      XL: |  1  2  3  4  5  6  7  8  9 |
---------------+----------------------------+-----
Fighting       | 1 2 3 6 8 9 |  9.2
Short Blades   | 3 4 7 11 12 14 15 | 15.9
Stealth        | 5 6 8 11 13 15 16 | 16.3
Spellcasting   | 3 7 8 10 11 | 11.9
Dodging        | |  3.0
Hexes          | |  3.6

Action                   |  1- 3 |  4- 6 |  7- 9 | 10-12 || total
-------------------------+-------+-------+-------+-------++-------
Melee: Dagger            |    23 |    17 |    40 |     9 ||    89
 Cast: Confuse           |       |     4 |    22 |     7 ||    33
       Ensorcelled Hiber |       |       |     6 |       ||     6
       Dazzling Spray    |       |       |     4 |     3 ||     7
  Use: Potion            |       |     1 |     1 |     1 ||     3
 Stab: Sleeping          |     6 |       |     8 |       ||    14
       Confused          |       |     2 |     4 |     3 ||     9
       Invisible         |       |       |     4 |       ||     4
       Distracted        |       |       |       |     1 ||     1
Armor: Robe              |     1 |       |     1 |       ||     2
Dodge: Dodged            |    11 |     8 |    40 |    11 ||    70
